 Dungeon Crawl Stone Soup version 0.26.1-11-gd32895ea62 (webtiles) character file.

Game seed: 8183351204217593129

59 sankara the Chucker (level 3, -5/35 (36) HPs)
             Began as a Troll Hunter on May 13, 2021.
             Slain by Crazy Yiuf
             ... wielding a +2 quarterstaff of chaos
              (9 damage)
             ... on level 2 of the Dungeon.
             The game lasted 00:03:30 (1797 turns).

sankara the Chucker (Troll Hunter)                  Turns: 1797, Time: 00:03:30

HP:   -5/35 (36)    AC:  6    Str: 20    XL:     3   Next: 78%
MP:   2/2           EV: 15    Int:  7    God:
Gold: 76            SH:  0    Dex: 11    Spells: 2/2 levels left

rFire    + . .     SeeInvis .   a - +0 short sword
rCold    x . .     Faith    .   (no shield)
rNeg     . . .     Spirit   .   n - +0 robe
rPois    .         Reflect  .   (helmet restricted)
rElec    .         Harm     .   (no cloak)
rCorr    .         Rampage  .   (gloves unavailable)
Will     .....                  (boots unavailable)
Stlth    +.........             (no amulet)
HPRegen  0.51/turn              r - ring of fire
MPRegen  0.08/turn              (no ring)

@: agile, lethally poisoned (-5 -> -6), lightly drained
A: large, unfitting armour, claws 3, regeneration 1, shaggy fur 1, tough skin 3
a: no special abilities


You were on level 2 of the Dungeon.
You visited 1 branch of the dungeon, and saw 2 of its levels.

You collected 76 gold pieces.

Inventory:

Hand Weapons
 a - a +0 short sword (weapon)
 b - a +0 hunting sling
Missiles
 c - 4 large rocks (quivered)
 d - 2 throwing nets
 m - 35 stones
 o - 8 poisoned darts
 s - 12 sling bullets
Armour
 n - a +0 robe (worn)
Jewellery
 r - a ring of fire (left claw)
Scrolls
 f - a scroll of enchant weapon {unknown}
 g - a scroll of fog {unknown}
 i - a scroll of teleportation {unknown}
 j - 3 scrolls of blinking {unknown}
 k - 2 scrolls of identify {unknown}
 l - 3 scrolls of remove curse {unknown}
 p - 2 scrolls of amnesia {unknown}
 q - 3 scrolls of enchant armour {unknown}
Potions
 e - 2 potions of haste {unknown}
 h - a potion of attraction {unknown}


   Skills:
 + Level 2.3 Fighting
 + Level 4.1 Throwing
 + Level 2.3 Dodging
 - Level 0.3 Stealth


You had 2 spell levels left.
You didn't know any spells.
Your spell library was empty.

Dungeon Overview and Level Annotations

Branches:
Dungeon (2/15)

Altars:
Wu Jian

Annotations:
D:2 Crazy Yiuf


Innate Abilities, Weirdness & Mutations

You are too large for most types of armour.
You have claws for hands.
Your natural rate of healing is unusually fast.
You are covered in fur. (AC +1)
You have extremely tough skin. (AC +3)


Message History

Crazy Yiuf is moderately wounded.
You feel sick. Crazy Yiuf hits you but does no damage.
You feel agile all of a sudden.
You closely miss Crazy Yiuf.
Crazy Yiuf is moderately wounded.
You feel sick.
Crazy Yiuf hits you with a +2 quarterstaff of chaos!
* * * LOW HITPOINT WARNING * * *
Crazy Yiuf burns you.
* * * LOW HITPOINT WARNING * * *
Throw: 5 large rocks
Press: ? - help, Q - select action, (/) - cycle Shift-Dir - straight line, f - Crazy Yiuf
Aim: Crazy Yiuf, wielding a +2 quarterstaff of chaos, wearing a +0 cloak and carrying a wand of random effects (9) (moderately wounded, 63% to hit)
You throw a large rock.
The large rock barely misses Crazy Yiuf.
You feel sick.
Crazy Yiuf hits you with a +2 quarterstaff of chaos.
* * * LOW HITPOINT WARNING * * *
You are electrocuted!
You die...

#...# #.......#
#...# #.......#
#...# #.<.....#
#...# #########
#...#### #......#
###....##♣♣ ###
#....#..♣♣ ♣♣#..)#
#........♣♣♣♣@g..(#
#.........♣..♣#...#
######...♣.♣♣♣ ###
##♣♣♣♣♣


You could see Crazy Yiuf.

Vanquished Creatures
  An adder (D:2)
  An ooze (D:2)
  3 worms (D:2)
  2 dart slugs (D:2)
  5 leopard geckos
  2 bats
  3 giant cockroaches (D:1)
  2 goblins
  4 hobgoblins
  A frilled lizard (D:1)
  3 kobolds
  A rat (D:2)
28 creatures vanquished.

Notes
Turn   | Place    | Note
-------+----------+-------------------------------------------
     0 | D:1      | sankara the Troll Hunter began the quest for the Orb.
     0 | D:1      | Reached XP level 1. HP: 19/19 MP: 0/0
   227 | D:1      | Reached XP level 2. HP: 28/28 MP: 1/1
   875 | D:2      | Found an ornate altar of the Wu Jian Council.
   976 | D:2      | Found a runed translucent door.
   977 | D:2      | Noticed Crazy Yiuf
  1037 | D:2      | Reached XP level 3. HP: 35/35 MP: 2/2
  1070 | D:2      | Reached skill level 4 in Throwing
  1463 | D:2      | Found a faded altar of an unknown god.
  1797 | D:2      | Slain by Crazy Yiuf

Illustrated notes

Levels and vault maps discovered:
D:1:      evilmike_arrival_fibonacci_small, layout_loops_ring, roderic_lattice_a
D:2:      layout_basic, overflow_temple_1_default,
          chequers_ecumenical_altar_twisty, minmay_misc_feat_enclosed,
          uniq_crazy_yiuf_cottage

Skill      XL: |  1  2  3 |
---------------+----------+-----
Fighting       | 2 |  2.3
Dodging        | 2 |  2.3
Throwing       | 4 |  4.1
Stealth        | |  0.3

Action                   || total
-------------------------++-------
Melee: Short sword       ||   121
 Fire: Hunting sling     ||     4
Throw: Large rock        ||     1
 Stab: Sleeping          ||     1
Armor: Robe              ||    42
Dodge: Dodged            ||    50
